 Dungeon Crawl Stone Soup version 0.31-a0-1327-g8c40ea976f (webtiles) character file.

Game seed: 12622972530355080846

151 Amplified the Chiller (level 4, -4/38 HPs)
             Began as a Demigod Ice Elementalist on Dec 21, 2023.
             Slain by an iguana (5 damage)
             ... on level 4 of the Dungeon.
             The game lasted 00:03:07 (2597 turns).

Amplified the Chiller (Demigod Ice Elementalist)    Turns: 2597, Time: 00:03:07

Health: -4/38      AC:  4    Str: 12 (13) XL:     4   Next: 85%
Magic:  9/9        EV: 11    Int: 16 (17) God:
Gold:   129        SH:  0    Dex: 13 (14) Spells: 5/6 levels left

rFire   . . .        j - +0 dagger (venom)
rCold   . . .        (no shield)
rNeg    . . .        c - +1 leather armour
rPois   .            (no helmet)
rElec   .            (no cloak)
rCorr   .            (no gloves)
SInv    .            (no boots)
Will    .....        (no amulet)
Stlth   ++           (no ring)
HPRegen 0.26/turn    (no ring)
MPRegen 0.11/turn

%: clarity
@: very slightly contaminated
A: high MP 1, forlorn, divine attributes, claws 1, clarity
a: no special abilities


You were on level 4 of the Dungeon.
You visited 1 branch of the dungeon, and saw 4 of its levels.

You collected 129 gold pieces.

Inventory:

Hand Weapons
 j - a +0 dagger of venom (weapon)
Armour
 c - a +1 leather armour (worn)
Scrolls
 e - 2 scrolls of fog
 k - a scroll of vulnerability
Potions
 b - a potion of magic
 g - a potion of mutation


   Skills:
 * Level 3.0 Fighting
 * Level 3.0 Armour
 - Level 1.7 Dodging
 - Level 1.7 Stealth
 - Level 1.7 Spellcasting
 - Level 3.6 Ice Magic


You had 5 spell levels left.
You knew the following spells:

 Your Spells              Type           Power      Damage    Failure   Level
a - Freeze                Ice            48%        1d6       6%          1

Your spell library contained the following spells:

 Spells                   Type           Power      Damage    Failure   Level
 Frozen Ramparts          Ice            24%        1d4       19%         3
 Ozocubu's Armour         Ice            12%        N/A       19%         3
 Foxfire                  Conj/Fire      4%         2x1d4     26%         1
 Summon Small Mammal      Summ           4%         N/A       26%         1
 Call Canine Familiar     Summ           1%         N/A       63%         3
 Summon Guardian Golem    Hex/Summ       1%         N/A       63%         3
 Summon Ice Beast         Ice/Summ       7%         N/A       78%         4
 Plasma Beam              Fire/Air       0%         2x1d10    100%        6
 Starburst                Conj/Fire      0%         6d3       100%        6


Dungeon Overview and Level Annotations

Branches:
Dungeon (4/15)
 Temple: D:4-7


Innate Abilities, Weirdness & Mutations

You have an increased reservoir of magic. (+10% MP)
You shall have no god before yourself.
Your divine heritage dramatically boosts your attributes as you level up.
You have sharp fingernails.
You possess an exceptional clarity of mind.


Message History

You hit the hobgoblin.
The hobgoblin is poisoned.
The hobgoblin is lightly wounded.
The hobgoblin hits you but does no damage.
You hit the hobgoblin.
The hobgoblin looks even sicker.
The hobgoblin is almost dead.
The hobgoblin hits you but does no damage.
You closely miss the hobgoblin.
The hobgoblin is almost dead.
The hobgoblin barely misses you.
You closely miss the hobgoblin.
The hobgoblin is almost dead.
The hobgoblin hits you but does no damage.
You hit the hobgoblin.
You kill the hobgoblin!
You barely miss the iguana. The iguana bites you!
You hit the iguana but do no damage.
The iguana is poisoned.
The iguana bites you!
You are too injured to fight recklessly!
You are too injured to fight recklessly!
You aren't carrying any items that you can evoke.
Unknown command.
It was a potion of cancellation.
You feel magically purged.
You are very lightly contaminated with residual magic.
The iguana bites you!
* * * LOW HITPOINT WARNING * * *
Okay, then.
It was a potion of curing.
You feel better. The iguana bites you!
* * * LOW HITPOINT WARNING * * *
Unknown command.
You aren't carrying any items that you can evoke.
Unknown command.
Okay, then.
You barely miss the iguana.
The iguana is lightly wounded.
The iguana closely misses you.
Unknown command.
You hit the iguana.
The iguana is moderately wounded.
The iguana bites you.
You die...

## ###..##### ####
##..#....##..#....#
#.........'........
#.....<...#.####..
##..#######.#_##
#.. #..###.~~~## ##
#..#..~≈~≈~#
#..#..~≈.≈~#
#@.###†≈≈≈~#
#l####.~~~.#
#.........#...
#.........##..
+..........# ..
#...........#
#.....?.....#
##.......$.##
#...##....#


You could see an iguana (very poisoned).

Vanquished Creatures
  A howler monkey (D:4)
  6 adders
  A worm (D:3)
  3 dart slugs
  3 orcs (D:3)
  4 ball pythons
  3 endoplasms
  A giant cockroach (D:1)
  5 hobgoblins
  4 jackals (D:3)
  2 quokkas
  2 bats (D:1)
  2 frilled lizards
  7 goblins
  5 kobolds
  4 rats
53 creatures vanquished.

Notes
Turn   | Place    | Note
-------+----------+-------------------------------------------
     0 | D:1      | Amplified the Demigod Ice Elementalist began the quest for
                  | the Orb.
     0 | D:1      | Reached XP level 1. HP: 14/14 MP: 5/5
   291 | D:1      | Reached skill level 1 in Fighting
   291 | D:1      | Reached skill level 1 in Armour
   344 | D:1      | Reached XP level 2. HP: 23/23 MP: 1/7
   933 | D:2      | Reached XP level 3. HP: 22/29 MP: 8/8
  1640 | D:3      | Reached XP level 4. HP: 37/37 MP: 9/9
  2579 | D:4      | Gained mutation: You possess an exceptional clarity of
                  | mind. [potion of mutation]
  2579 | D:4      | Gained mutation: You have sharp fingernails. [potion of
                  | mutation]
  2595 | D:4      | HP: 1/38 [iguana (10)]
  2597 | D:4      | Slain by an iguana

Illustrated notes

Levels and vault maps discovered:
D:1:      grunt_arrival_lava_bath, layout_rooms, chequers_serial_rivers_room_a
D:2:      cheibrodos_greedy_goblins, layout_loops_cross, serial_forest,
          infiniplex_forest_clump_tiny, infiniplex_forest_pool,
          infiniplex_forest_straight_1, infiniplex_forest_corner_1,
          infiniplex_forest_lined_3, infiniplex_forest_straight_2,
          infiniplex_forest_clump_curved, infiniplex_forest_end_double,
          infiniplex_forest_end_2, minmay_misc_feat_iff
D:3:      layout_loops_corners, nicolae_uskayaw_dance_hall
D:4:      layout_gridville, tso_altar, kennysheep_slug_shrine

Skill      XL: |  1  2  3  4 |
---------------+-------------+-----
Fighting       | 1 2 3 |  3.0
Armour         | 1 2 3 |  3.0
Dodging        | |  1.7
Stealth        | |  1.7
Spellcasting   | |  1.7
Ice Magic      | |  3.6

Action                     |  1- 3 |  4- 6 || total
---------------------------+-------+-------++-------
  Melee: Unarmed           |    20 |       ||    20
         Dagger            |    98 |    59 ||   157
         Punch             |     1 |       ||     1
   Cast: Freeze            |    16 |       ||    16
    Use: Scroll            |     3 |     3 ||     6
         Potion            |       |     4 ||     4
   Stab: Sleeping          |       |     1 ||     1
 Armour: Leather armour    |    71 |    40 ||   111
  Dodge: Dodged            |    73 |    32 ||   105

Table legend: (Time is in decaauts)
 A = Elapsed time spent in this place.
 B = Non-inter-level travel time spent in this place.
 C = Inter-level travel time spent in this place.
 D = Time resting spent in this place.
 E = Time spent auto-exploring this place.
 F = Levels seen in this place.
 G = Mean time per level.
                   A        B        C        D        E       F      G
               +--------+--------+--------+--------+--------+-----+--------+
         Total |   2597 |   2577 |     20 |    346 |   1720 |   4 |  649.2 |
       Dungeon |   2597 |   2577 |     20 |    346 |   1720 |   4 |  649.2 |
               +--------+--------+--------+--------+--------+-----+--------+

Top non-repeatable levels by time:
     D:3: 1132 daAuts
     D:1: 707 daAuts
     D:2: 640 daAuts
     D:4: 116 daAuts
